Spitfire vs Sasquatch
(R1)
Created - 15 janvier 2013 at 19:09
Goals
|
| Spitfire |
0 |
4 |
2 |
6 |
| Sasquatch |
4 |
2 |
2 |
8 |
|
Shots
|
| Spitfire |
11 |
16 |
10 |
37 |
| Sasquatch |
15 |
11 |
10 |
36 |
|
1st period
1. Sasquatch , Jakub Voracek 7 (Linus Omark, Mark Giordano) at 4:11
2. Sasquatch , Steve Bernier 14 (Andrew Cogliano, Trevor Daley) at 8:43 (PP)
3. Sasquatch , Matt Ellison 7 (Brian Lee) at 11:27
4. Sasquatch , Steve Bernier 15 (Andrew Cogliano, Linus Omark) at 15:39
Penalties :
David Krejci (Val) for Slashing (Minor) at 7:41, Linus Omark (Gat) for Slashing (Minor) at 13:28, Mathieu Roy (Val) for Slashing (Minor) at 13:28
2nd period
5. Spitfire , Derick Brassard 11 (Shean Donovan) at 7:42
6. Spitfire , Marc-Antoine Pouliot 2 (Denis Shvidki, Keaton Ellerby) at 13:47
7. Spitfire , David Krejci 10 (Martin Samuelsson) at 14:20
8. Spitfire , David Krejci 11 (Mathieu Roy) at 17:00
9. Sasquatch , Steve Bernier 16 (Andrew Cogliano) at 18:26
10. Sasquatch , Aaron Voros 11 (Konstantin Pushkarev, Jiri Novotny) at 19:41
Penalties :
Trevor Daley (Gat) for Hooking (Minor) at 0:03, Sergei Kostitsyn (Val) for Cross-checking (Minor) at 7:52
3rd period
11. Spitfire , Marc-Antoine Pouliot 3 (Denis Shvidki, Keaton Ellerby) at 1:40
12. Sasquatch , Kevin Porter 15 (Jakub Voracek) at 2:52 (PP)
13. Sasquatch , Tomas Kurka 14 (Trevor Daley) at 8:07
14. Spitfire , Dick Tarnstrom 2 (Kevin Klein, Marc Denis) at 13:10 (PP)
Penalties :
Shean Donovan (Val) for Hooking (Minor) at 2:45, Marc-Antoine Pouliot (Val) for Hooking (Minor) at 2:50, Andrew Cogliano (Gat) for Tripping (Minor) at 8:22, Trevor Daley (Gat) for Hooking (Minor) at 13:00, Mathieu Roy (Val) for Holding (Minor) at 17:58
Goalie Stats
Marc Denis (Val), 16 saves from 20 shots - (0,800), 27:32 minutes
Yann Danis (Val), 12 saves from 16 shots - (0,750), L, 0-3-0, 32:28 minutes
Cory Schneider (Gat), 31 saves from 37 shots - (0,838), W, 14-4-3, 60:00 minutes
Players Stats for Spitfire
Player Name G A P +/- PIM S H SB GA TA FO MP PP MP PK MP
------------------------------------------------------------------------------------
Brad Staubitz 0 0 0 0 0 0 0 0 0 0 0/0 0:27 0:00 0:00
Danny Syvret 0 0 0 0 0 0 1 3 0 0 0/0 13:52 0:00 2:20
David Krejci 2 0 2 1 2 6 2 1 0 0 7/22 17:42 1:55 0:26
Denis Shvidki 0 2 2 0 0 1 2 1 0 1 0/0 9:46 0:00 1:26
Derick Brassard 1 0 1 -2 0 4 1 1 1 0 10/23 17:21 2:05 0:00
Devin Didiomete 0 0 0 0 0 0 0 0 0 0 0/0 0:00 0:00 0:00
Dick Tarnstrom 1 0 1 -2 0 4 0 2 3 1 0/0 28:08 2:10 4:14
Eric Fehr 0 0 0 -2 0 3 4 2 4 0 2/4 18:47 2:05 1:26
Erik Condra 0 0 0 0 0 0 0 0 0 0 0/0 0:00 0:00 0:00
Keaton Ellerby 0 2 2 1 0 0 2 0 0 0 0/0 18:34 1:00 0:20
Kevin Klein 0 1 1 -1 0 0 2 1 0 1 0/0 29:58 2:10 4:51
Kris Beech 0 0 0 0 0 0 5 0 2 0 1/4 9:56 0:08 0:00
Marc-Antoine Pouliot 2 0 2 0 2 3 0 0 0 0 1/3 9:19 0:00 0:41
Martin Samuelsson 0 1 1 1 0 8 3 2 0 0 0/1 21:09 2:03 4:55
Mathieu Roy 0 1 1 0 4 1 0 1 2 1 0/0 18:27 1:58 1:38
Matt Walker 0 0 0 -1 0 0 0 2 0 1 0/0 10:46 0:58 0:45
Paul Bissonnette 0 0 0 0 0 0 1 0 0 0 0/0 9:03 0:00 0:27
Ryan Callahan 0 0 0 1 0 4 3 0 0 1 0/0 17:09 2:03 0:00
Sergei Kostitsyn 0 0 0 -1 2 0 2 0 1 1 0/2 16:06 2:05 0:00
Shean Donovan 0 1 1 0 2 3 3 0 1 0 7/9 14:31 0:00 4:44
Tim Kennedy 0 0 0 0 0 0 0 1 0 0 0/0 9:48 0:00 0:00
Players Stats for Sasquatch
Player Name G A P +/- PIM S H SB GA TA FO MP PP MP PK MP
------------------------------------------------------------------------------------
Aaron Voros 1 0 1 0 0 3 1 0 0 1 0/0 9:03 0:05 1:22
Andreas Karlsson 0 0 0 -1 0 1 0 1 0 0 3/5 12:05 0:02 1:22
Andrew Brunette 0 0 0 -1 0 1 0 0 0 0 0/0 10:47 0:00 0:06
Andrew Cogliano 0 3 3 3 2 7 0 0 2 3 22/42 22:10 3:51 1:08
Brian Lee 0 1 1 2 0 1 1 2 0 0 0/0 27:03 3:32 2:26
Jakub Voracek 1 1 2 -1 0 1 1 0 1 0 1/1 16:29 3:03 0:00
Jiri Novotny 0 1 1 0 0 1 2 0 1 0 1/1 8:05 0:00 1:30
Kevin Marshall 0 0 0 -1 0 1 0 1 0 1 0/0 11:49 0:00 0:01
Kevin Porter 1 0 1 -1 0 4 3 0 0 0 11/16 17:22 3:03 0:11
Konstantin Pushkarev 0 1 1 0 0 0 0 0 0 1 0/0 7:21 0:31 0:00
Kyle Cumiskey 0 0 0 0 0 0 1 1 1 0 0/0 17:02 0:44 2:15
Linus Omark 0 2 2 0 2 2 1 0 0 0 0/0 17:44 3:40 0:31
Mark Giordano 0 1 1 0 0 1 2 1 0 4 0/0 22:32 3:05 1:41
Matt Ellison 1 0 1 -1 0 2 1 0 0 1 0/0 11:42 0:08 0:00
Ryan Wilson 0 0 0 -1 0 2 0 1 0 1 0/0 16:45 3:59 0:47
Steve Bernier 3 0 3 3 0 4 1 1 0 0 1/2 23:07 3:51 2:07
Tomas Kurka 1 0 1 2 0 3 4 0 1 1 1/1 18:16 2:58 0:00
Trevor Daley 0 2 2 2 4 2 1 1 1 1 0/0 24:27 2:48 1:05
3 Stars
1 - Steve Bernier (Gat)
2 - David Krejci (Val)
3 - Tomas Kurka (Gat)
Power Play
Spitfire - 1 on 3 Attempt(s) - 33,33%
Sasquatch - 2 on 5 Attempt(s) - 40,00%
Penalty Kill
Spitfire - 3 on 5 Attempt(s) - 60,00%
- Score 0 goal in Penalty Kill
Sasquatch - 2 on 3 Attempt(s) - 66,67%
- Score 0 goal in Penalty Kill
Official
Referees : Pochmara Brian and Auger Stephane
Linesman : Derek Amell and Jonny Murray
Game Notes
Yann Danis enters game at 15:39 of 1st period
Matt Walker is injured at 10:29 of 2nd period (Sprained Left Knee)
Steve Bernier has scored a Hat Trick!
Marc Denis enters game at 8:07 of 3rd period
Spitfire
5 vs 5 Forward
Center Left Wing Right Wing Time % Phy DF OF
1 David Krejci Martin Samuelsson Ryan Callahan 35 1 2 2
2 Derick Brassard Sergei Kostitsyn Eric Fehr 35 1 2 2
3 Kris Beech Tim Kennedy Shean Donovan 20 1 2 2
4 Marc-Antoine Pouliot Paul Bissonnette Denis Shvidki 10 1 2 2
5 vs 5 Defense
Defense Defense Time % Phy DF OF
1 Dick Tarnstrom Kevin Klein 40 1 2 2
2 Matt Walker Mathieu Roy 30 1 2 2
3 Keaton Ellerby Danny Syvret 20 1 2 2
4 Kevin Klein Matt Walker 10 1 2 2
PowerPlay Forward
Center Left Wing Right Wing Time % Phy DF OF
1 David Krejci Martin Samuelsson Ryan Callahan 50 1 2 2
2 Derick Brassard Sergei Kostitsyn Eric Fehr 50 1 2 2
PowerPlay Defense
Defense Defense Time % Phy DF OF
1 Dick Tarnstrom Kevin Klein 60 1 2 2
2 Matt Walker Mathieu Roy 40 1 2 2
Penalty Kill 4 Players Forward
Center Wing Time % Phy DF OF
1 Shean Donovan Martin Samuelsson 60 1 2 2
2 Eric Fehr Denis Shvidki 40 1 2 2
Penalty Kill 4 Players Defense
Defense Defense Time % Phy DF OF
1 Dick Tarnstrom Kevin Klein 60 1 2 2
2 Matt Walker Mathieu Roy 40 1 2 2
Penalty Kill - 3 Players Forward
Forward Time % Phy DF OF
1 Shean Donovan 60 1 2 2
2 Martin Samuelsson 40 1 2 2
Penalty Kill - 3 Players Defense
Defense Defense Time % Phy DF OF
1 Dick Tarnstrom Kevin Klein 60 1 2 2
2 Matt Walker Mathieu Roy 40 1 2 2
4 vs 4 Forward
Center Wing Time % Phy DF OF
1 David Krejci Ryan Callahan 50 1 2 2
2 Derick Brassard Eric Fehr 50 1 2 2
4 vs 4 Defense
Defense Defense Time % Phy DF OF
1 Dick Tarnstrom Kevin Klein 60 1 2 2
2 Matt Walker Mathieu Roy 40 1 2 2
Last Minutes Offensive
Center Left Wing Right Wing Defense Defense
David Krejci Martin Samuelsson Ryan Callahan Dick Tarnstrom Kevin Klein
Last Minutes Defensive
Center Left Wing Right Wing Defense Defense
David Krejci Martin Samuelsson Ryan Callahan Dick Tarnstrom Kevin Klein
Goaltenders
Starting : Marc Denis
Backup : Yann Danis
Extra Forwards
Normal : Kris Beech, Tim Kennedy, Marc-Antoine Pouliot - PP : Kris Beech, Tim Kennedy - PK : Marc-Antoine Pouliot
Extra Defensemen
Normal : Keaton Ellerby, Mathieu Roy, Dick Tarnstrom - PP : Keaton Ellerby - PK : Mathieu Roy, Dick Tarnstrom
Penalty Shots
Ryan Callahan, Martin Samuelsson, Eric Fehr, Denis Shvidki, David Krejci
Sasquatch
5 vs 5 Forward
Center Left Wing Right Wing Time % Phy DF OF
1 Andrew Cogliano Tomas Kurka Steve Bernier 40 1 2 2
2 Kevin Porter Linus Omark Jakub Voracek 30 1 2 2
3 Andreas Karlsson Andrew Brunette Matt Ellison 20 1 2 2
4 Jiri Novotny Aaron Voros Konstantin Pushkarev 10 1 2 2
5 vs 5 Defense
Defense Defense Time % Phy DF OF
1 Brian Lee Trevor Daley 40 1 2 2
2 Mark Giordano Kyle Cumiskey 30 1 2 2
3 Ryan Wilson Kevin Marshall 20 1 2 2
4 Brian Lee Mark Giordano 10 1 2 2
PowerPlay Forward
Center Left Wing Right Wing Time % Phy DF OF
1 Andrew Cogliano Linus Omark Steve Bernier 60 1 2 2
2 Kevin Porter Tomas Kurka Jakub Voracek 40 1 2 2
PowerPlay Defense
Defense Defense Time % Phy DF OF
1 Brian Lee Ryan Wilson 60 1 2 2
2 Trevor Daley Mark Giordano 40 1 2 2
Penalty Kill 4 Players Forward
Center Wing Time % Phy DF OF
1 Andrew Cogliano Steve Bernier 60 1 2 2
2 Andreas Karlsson Linus Omark 40 1 2 2
Penalty Kill 4 Players Defense
Defense Defense Time % Phy DF OF
1 Brian Lee Trevor Daley 60 1 2 2
2 Mark Giordano Kyle Cumiskey 40 1 2 2
Penalty Kill - 3 Players Forward
Forward Time % Phy DF OF
1 Andrew Cogliano 60 1 2 2
2 Andreas Karlsson 40 1 2 2
Penalty Kill - 3 Players Defense
Defense Defense Time % Phy DF OF
1 Kyle Cumiskey Trevor Daley 60 1 2 2
2 Mark Giordano Brian Lee 40 1 2 2
4 vs 4 Forward
Center Wing Time % Phy DF OF
1 Andrew Cogliano Steve Bernier 60 1 2 2
2 Kevin Porter Matt Ellison 40 1 2 2
4 vs 4 Defense
Defense Defense Time % Phy DF OF
1 Brian Lee Trevor Daley 60 1 2 2
2 Mark Giordano Ryan Wilson 40 1 2 2
Last Minutes Offensive
Center Left Wing Right Wing Defense Defense
Andrew Cogliano Tomas Kurka Steve Bernier Trevor Daley Brian Lee
Last Minutes Defensive
Center Left Wing Right Wing Defense Defense
Andrew Cogliano Linus Omark Steve Bernier Mark Giordano Brian Lee
Goaltenders
Starting : Cory Schneider
Backup : Curtis Sanford
Extra Forwards
Normal : Jakub Voracek, Andrew Brunette, Jiri Novotny - PP : Linus Omark, Konstantin Pushkarev - PK : Jiri Novotny
Extra Defensemen
Normal : Ryan Wilson, Brian Lee, Mark Giordano - PP : Kyle Cumiskey - PK : Kyle Cumiskey, Trevor Daley
Penalty Shots
Andrew Cogliano, Linus Omark, Andreas Karlsson, Matt Ellison, Jiri Novotny
% Time on Ice - Spitfire
Lines # - Real PCT - Wanted PCT - Time Play
Normal Forward
1 - 31% - 35% - 14:27
2 - 30% - 35% - 14:14
3 - 21% - 20% - 9:48
4 - 18% - 10% - 8:20
Normal Defense
1 - 39% - 40% - 18:13
2 - 32% - 30% - 14:53
3 - 20% - 20% - 9:30
4 - 9% - 10% - 4:13
PP Forward
1 - 50% - 50% - 2:03
2 - 50% - 50% - 2:05
PP Defense
1 - 52% - 60% - 2:10
2 - 48% - 40% - 1:58
PK Forward
1 - 80% - 60% - 5:36
2 - 20% - 40% - 1:26
PK Defense
1 - 51% - 60% - 3:37
2 - 49% - 40% - 3:25
PK3 Forward
1 - 100% - 60% - 0:02
2 - 0% - 40% - 0:00
PK3 Defense
1 - 100% - 60% - 0:02
2 - 0% - 40% - 0:00
44 Forward
1 - 48% - 50% - 0:57
2 - 52% - 50% - 1:02
44 Defense
1 - 62% - 60% - 1:14
2 - 38% - 40% - 0:45
Last Minute Offensive - 0:00
Last Minute Defensive - 0:00
Total
Forward - 60:00
Defense - 60:00
|
% Time on Ice - Sasquatch
Lines # - Real PCT - Wanted PCT - Time Play
Normal Forward
1 - 34% - 40% - 16:09
2 - 29% - 30% - 13:26
3 - 23% - 20% - 10:40
4 - 14% - 10% - 6:34
Normal Defense
1 - 42% - 40% - 19:32
2 - 30% - 30% - 14:09
3 - 24% - 20% - 11:04
4 - 4% - 10% - 2:04
PP Forward
1 - 57% - 60% - 4:01
2 - 43% - 40% - 3:03
PP Defense
1 - 56% - 60% - 3:59
2 - 44% - 40% - 3:05
PK Forward
1 - 88% - 60% - 3:37
2 - 13% - 40% - 0:31
PK Defense
1 - 78% - 60% - 3:14
2 - 22% - 40% - 0:54
PK3 Forward
1 - 0% - 60%
2 - 0% - 40%
PK3 Defense
1 - 0% - 60%
2 - 0% - 40%
44 Forward
1 - 67% - 60% - 1:20
2 - 33% - 40% - 0:39
44 Defense
1 - 50% - 60% - 1:00
2 - 50% - 40% - 0:59
Last Minute Offensive - 0:00
Last Minute Defensive - 0:00
Total
Forward - 60:00
Defense - 60:00
|
Play by Play
1st period
0:01 of 1st period - Andrew Cogliano wins face-off versus David Krejci in neutral zone.
0:23 of 1st period - Icing by Dick Tarnstrom.
0:24 of 1st period - Kevin Porter wins face-off versus Sergei Kostitsyn in Spitfire zone.
0:41 of 1st period - Eric Fehr is hit by Mark Giordano and loses puck.
1:13 of 1st period - Wrist shot by Denis Shvidki.
1:13 of 1st period - Shot Misses the Net.
1:41 of 1st period - Snap shot by David Krejci.
1:41 of 1st period - Stopped by Cory Schneider with a rebound.
1:43 of 1st period - Slapshot by Dick Tarnstrom.
1:43 of 1st period - Stopped by Cory Schneider without a rebound.
1:44 of 1st period - Kevin Porter wins face-off versus Derick Brassard in Sasquatch zone.
1:55 of 1st period - Wrist shot by Derick Brassard.
1:55 of 1st period - Shot Hit the Post.
2:09 of 1st period - Mathieu Roy is hit by Tomas Kurka and loses puck.
2:32 of 1st period - Slapshot by Shean Donovan.
2:32 of 1st period - Shot Misses the Net.
3:01 of 1st period - Mark Giordano is hit by Paul Bissonnette and loses puck.
3:09 of 1st period - Icing by Kyle Cumiskey.
3:10 of 1st period - Kevin Porter wins face-off versus Derick Brassard in Sasquatch zone.
3:19 of 1st period - Wrist shot by Linus Omark.
3:19 of 1st period - Shot Blocked by Danny Syvret.
3:21 of 1st period - Slapshot by Kevin Porter.
3:21 of 1st period - Shot Hit the Post.
3:29 of 1st period - Mark Giordano is hit by Eric Fehr and loses puck.
3:44 of 1st period - Kyle Cumiskey is hit by Sergei Kostitsyn and loses puck.
3:57 of 1st period - Snap shot by Kevin Porter.
3:57 of 1st period - Stopped by Marc Denis with a rebound.
4:11 of 1st period - Snap shot by Jakub Voracek.
4:11 of 1st period - Goal by Jakub Voracek - Spitfire : 0 - Sasquatch : 1.
4:12 of 1st period - Andrew Cogliano wins face-off versus David Krejci in neutral zone.
5:02 of 1st period - Wrist shot by Jiri Novotny.
5:02 of 1st period - Stopped by Marc Denis with a rebound.
5:04 of 1st period - Slapshot by Trevor Daley.
5:04 of 1st period - Shot Misses the Net.
5:06 of 1st period - Wrist shot by Trevor Daley.
5:06 of 1st period - Stopped by Marc Denis without a rebound.
5:07 of 1st period - Andrew Cogliano wins face-off versus David Krejci in Spitfire zone.
5:14 of 1st period - Snap shot by Andrew Cogliano.
5:14 of 1st period - Stopped by Marc Denis without a rebound.
5:15 of 1st period - Andrew Cogliano wins face-off versus David Krejci in Spitfire zone.
5:18 of 1st period - Snap shot by Andrew Cogliano.
5:18 of 1st period - Shot Blocked by Danny Syvret.
5:40 of 1st period - Wrist shot by Andrew Cogliano.
5:40 of 1st period - Stopped by Marc Denis without a rebound.
5:41 of 1st period - Andreas Karlsson wins face-off versus Kris Beech in Spitfire zone.
5:52 of 1st period - Slapshot by Andrew Brunette.
5:52 of 1st period - Shot Misses the Net.
6:06 of 1st period - Eric Fehr is hit by Jakub Voracek.
7:31 of 1st period - Kevin Marshall is hit by Danny Syvret and loses puck.
7:36 of 1st period - Snap shot by Derick Brassard.
7:36 of 1st period - Shot Blocked by Ryan Wilson.
7:38 of 1st period - Wrist shot by Derick Brassard.
7:38 of 1st period - Shot Misses the Net.
7:40 of 1st period - Slapshot by Matt Walker.
7:40 of 1st period - Deflect By Eric Fehr.
7:40 of 1st period - Shot Misses the Net.
7:40 of 1st period - Puck is out of play.
7:41 of 1st period - Andrew Cogliano wins face-off versus David Krejci in Sasquatch zone.
7:41 of 1st period - Minor Penalty to David Krejci for Slashing.
7:42 of 1st period - Shean Donovan wins face-off versus Andrew Cogliano in Spitfire zone.
7:47 of 1st period - Backhand shot by Brian Lee.
7:47 of 1st period - Shot Blocked by Martin Samuelsson.
7:49 of 1st period - Wrist shot by Steve Bernier.
7:49 of 1st period - Shot Misses the Net.
7:51 of 1st period - Snap shot by Steve Bernier.
7:51 of 1st period - Stopped by Marc Denis with a rebound.
8:10 of 1st period - Icing by Kevin Porter.
8:11 of 1st period - Kevin Porter wins face-off versus Shean Donovan in Sasquatch zone.
8:17 of 1st period - Icing by Trevor Daley.
8:18 of 1st period - Shean Donovan wins face-off versus Kevin Porter in Sasquatch zone.
8:41 of 1st period - Snap shot by Andrew Cogliano.
8:41 of 1st period - Stopped by Marc Denis with a rebound.
8:43 of 1st period - Snap shot by Steve Bernier.
8:43 of 1st period - Goal by Steve Bernier - Spitfire : 0 - Sasquatch : 2.
8:44 of 1st period - Andrew Cogliano wins face-off versus David Krejci in neutral zone.
8:47 of 1st period - Martin Samuelsson is hit by Tomas Kurka and loses puck.
8:56 of 1st period - Wrist shot by Tomas Kurka.
8:56 of 1st period - Shot Misses the Net.
9:10 of 1st period - Trevor Daley is hit by Eric Fehr and loses puck.
9:17 of 1st period - Snap shot by Eric Fehr.
9:17 of 1st period - Shot Misses the Net.
9:19 of 1st period - Slapshot by Dick Tarnstrom.
9:19 of 1st period - Shot Misses the Net.
9:21 of 1st period - Backhand shot by Dick Tarnstrom.
9:21 of 1st period - Stopped by Cory Schneider with a rebound.
9:46 of 1st period - Off-side.
9:47 of 1st period - Andrew Cogliano wins face-off versus David Krejci in neutral zone.
9:54 of 1st period - Slapshot by Andrew Cogliano.
9:54 of 1st period - Stopped by Marc Denis without a rebound.
9:55 of 1st period - David Krejci wins face-off versus Andrew Cogliano in Spitfire zone.
10:13 of 1st period - Snap shot by Ryan Callahan.
10:13 of 1st period - Stopped by Cory Schneider without a rebound.
10:14 of 1st period - Derick Brassard wins face-off versus Andreas Karlsson in Sasquatch zone.
10:41 of 1st period - Trevor Daley is hit by David Krejci and loses puck.
11:27 of 1st period - Snap shot by Matt Ellison.
11:27 of 1st period - Goal by Matt Ellison - Spitfire : 0 - Sasquatch : 3.
11:28 of 1st period - Andrew Cogliano wins face-off versus Derick Brassard in neutral zone.
11:31 of 1st period - Slapshot by Steve Bernier.
11:31 of 1st period - Deflect By Tomas Kurka.
11:31 of 1st period - Stopped by Marc Denis with a rebound.
12:07 of 1st period - Mark Giordano is hit by Ryan Callahan and loses puck.
12:18 of 1st period - Mark Giordano is hit by Shean Donovan and loses puck.
12:25 of 1st period - Slapshot by Shean Donovan.
12:25 of 1st period - Stopped by Cory Schneider with a rebound.
12:27 of 1st period - Snap shot by Kevin Klein.
12:27 of 1st period - Deflect By Shean Donovan.
12:27 of 1st period - Stopped by Cory Schneider with a rebound.
12:42 of 1st period - Wrist shot by Eric Fehr.
12:42 of 1st period - Stopped by Cory Schneider with a rebound.
13:11 of 1st period - Wrist shot by Andrew Cogliano.
13:11 of 1st period - Stopped by Marc Denis without a rebound.
13:12 of 1st period - David Krejci wins face-off versus Kevin Porter in Spitfire zone.
13:12 of 1st period - David Krejci is hit by Trevor Daley.
13:18 of 1st period - Kevin Porter is hit by Martin Samuelsson and loses puck.
13:28 of 1st period - Minor Penalty to Linus Omark for Slashing.
13:28 of 1st period - Minor Penalty to Mathieu Roy for Slashing.
13:29 of 1st period - David Krejci wins face-off versus Andrew Cogliano in Sasquatch zone.
14:01 of 1st period - Snap shot by Derick Brassard.
14:01 of 1st period - Stopped by Cory Schneider without a rebound.
14:02 of 1st period - Andrew Cogliano wins face-off versus Derick Brassard in Sasquatch zone.
14:04 of 1st period - Icing by Steve Bernier.
14:05 of 1st period - Eric Fehr wins face-off versus Andrew Cogliano in Sasquatch zone.
14:32 of 1st period - Snap shot by David Krejci.
14:32 of 1st period - Shot Misses the Net.
14:47 of 1st period - Icing by Andrew Cogliano.
14:48 of 1st period - Steve Bernier wins face-off versus Derick Brassard in Sasquatch zone.
15:28 of 1st period - Penalty to Linus Omark is over, Linus Omark is back on ice.
15:28 of 1st period - Penalty to Mathieu Roy is over, Mathieu Roy is back on ice.
15:37 of 1st period - Wrist shot by Linus Omark.
15:37 of 1st period - Shot Blocked by Eric Fehr.
15:39 of 1st period - Snap shot by Andrew Cogliano.
15:39 of 1st period - Deflect By Steve Bernier.
15:39 of 1st period - Goal by Steve Bernier - Spitfire : 0 - Sasquatch : 4.
15:39 of 1st period - Yann Danis enters game.
15:40 of 1st period - Kevin Porter wins face-off versus David Krejci in neutral zone.
16:29 of 1st period - Shean Donovan is hit by Kyle Cumiskey and loses puck.
16:53 of 1st period - Snap shot by Ryan Wilson.
16:53 of 1st period - Stopped by Yann Danis without a rebound.
16:54 of 1st period - Andrew Cogliano wins face-off versus David Krejci in Spitfire zone.
17:03 of 1st period - Wrist shot by Steve Bernier.
17:03 of 1st period - Shot Misses the Net.
17:05 of 1st period - Slapshot by Andrew Cogliano.
17:05 of 1st period - Shot Blocked by Martin Samuelsson.
17:07 of 1st period - Slapshot by Andrew Cogliano.
17:07 of 1st period - Shot Misses the Net.
17:09 of 1st period - Snap shot by Steve Bernier.
17:09 of 1st period - Shot Misses the Net.
17:23 of 1st period - Wrist shot by Kevin Porter.
17:23 of 1st period - Shot Blocked by Mathieu Roy.
17:27 of 1st period - Wrist shot by Linus Omark.
17:27 of 1st period - Shot Blocked by Eric Fehr.
17:29 of 1st period - Wrist shot by Linus Omark.
17:29 of 1st period - Shot Blocked by Matt Walker.
17:41 of 1st period - Snap shot by Shean Donovan.
17:41 of 1st period - Stopped by Cory Schneider without a rebound.
17:42 of 1st period - Kris Beech wins face-off versus Andreas Karlsson in Sasquatch zone.
18:13 of 1st period - Slapshot by Brian Lee.
18:13 of 1st period - Deflect By Andrew Cogliano.
18:13 of 1st period - Shot Misses the Net.
18:13 of 1st period - Puck is out of play.
18:14 of 1st period - Andrew Cogliano wins face-off versus Derick Brassard in Spitfire zone.
18:57 of 1st period - Mark Giordano is hit by Ryan Callahan.
19:06 of 1st period - Mark Giordano is hit by Ryan Callahan and loses puck.
19:11 of 1st period - Snap shot by David Krejci.
19:11 of 1st period - Shot Misses the Net.
19:32 of 1st period - Wrist shot by Ryan Callahan.
19:32 of 1st period - Stopped by Cory Schneider with a rebound.
19:52 of 1st period - Snap shot by Martin Samuelsson.
19:52 of 1st period - Shot Blocked by Kyle Cumiskey.
19:54 of 1st period - Slapshot by Martin Samuelsson.
19:54 of 1st period - Shot Misses the Net.
19:58 of 1st period - Snap shot by Martin Samuelsson.
19:58 of 1st period - Stopped by Cory Schneider without a rebound.
19:59 of 1st period - Derick Brassard wins face-off versus Andrew Cogliano in Sasquatch zone.
2nd period
0:01 of 2nd period - Derick Brassard wins face-off versus Andrew Cogliano in neutral zone.
0:03 of 2nd period - Minor Penalty to Trevor Daley for Hooking.
0:04 of 2nd period - David Krejci wins face-off versus Andrew Cogliano in Sasquatch zone.
0:13 of 2nd period - Snap shot by Martin Samuelsson.
0:13 of 2nd period - Shot Misses the Net.
0:15 of 2nd period - Slapshot by Dick Tarnstrom.
0:15 of 2nd period - Shot Misses the Net.
0:17 of 2nd period - Wrist shot by Dick Tarnstrom.
0:17 of 2nd period - Shot Blocked by Steve Bernier.
0:19 of 2nd period - Slapshot by Martin Samuelsson.
0:19 of 2nd period - Shot Misses the Net.
2:03 of 2nd period - Penalty to Trevor Daley is over, Trevor Daley is back on ice.
2:23 of 2nd period - Wrist shot by Shean Donovan.
2:23 of 2nd period - Shot Misses the Net.
2:30 of 2nd period - Icing by Kevin Marshall.
2:31 of 2nd period - Andreas Karlsson wins face-off versus Marc-Antoine Pouliot in Sasquatch zone.
2:44 of 2nd period - Wrist shot by Denis Shvidki.
2:44 of 2nd period - Shot Blocked by Andreas Karlsson.
2:46 of 2nd period - Slapshot by Dick Tarnstrom.
2:46 of 2nd period - Stopped by Cory Schneider without a rebound.
2:47 of 2nd period - Derick Brassard wins face-off versus Kevin Porter in Sasquatch zone.
2:58 of 2nd period - Slapshot by Brian Lee.
2:58 of 2nd period - Shot Blocked by Dick Tarnstrom.
3:00 of 2nd period - Snap shot by Kevin Porter.
3:00 of 2nd period - Shot Misses the Net.
4:24 of 2nd period - Slapshot by Mark Giordano.
4:24 of 2nd period - Shot Misses the Net.
5:39 of 2nd period - Paul Bissonnette is hit by Kevin Porter and loses puck.
6:24 of 2nd period - Kevin Marshall is hit by Kris Beech and loses puck.
6:46 of 2nd period - Eric Fehr is hit by Tomas Kurka and loses puck.
7:08 of 2nd period - Keaton Ellerby is hit by Kevin Porter and loses puck.
7:23 of 2nd period - Kyle Cumiskey is hit by Keaton Ellerby and loses puck.
7:30 of 2nd period - Slapshot by David Krejci.
7:30 of 2nd period - Stopped by Cory Schneider with a rebound.
7:32 of 2nd period - Snap shot by Ryan Callahan.
7:32 of 2nd period - Stopped by Cory Schneider with a rebound.
7:42 of 2nd period - Snap shot by Derick Brassard.
7:42 of 2nd period - Goal by Derick Brassard - Spitfire : 1 - Sasquatch : 4.
7:43 of 2nd period - Derick Brassard wins face-off versus Steve Bernier in neutral zone.
7:47 of 2nd period - Snap shot by Sergei Kostitsyn.
7:47 of 2nd period - Deflect By Eric Fehr.
7:47 of 2nd period - Stopped by Cory Schneider with a rebound.
7:51 of 2nd period - Wrist shot by Eric Fehr.
7:51 of 2nd period - Stopped by Cory Schneider without a rebound.
7:52 of 2nd period - Andrew Cogliano wins face-off versus Derick Brassard in Sasquatch zone.
7:52 of 2nd period - Minor Penalty to Sergei Kostitsyn for Cross-checking.
7:53 of 2nd period - Shean Donovan wins face-off versus Andrew Cogliano in Spitfire zone.
8:04 of 2nd period - Slapshot by Brian Lee.
8:04 of 2nd period - Shot Misses the Net.
8:22 of 2nd period - Snap shot by Tomas Kurka.
8:22 of 2nd period - Stopped by Yann Danis without a rebound.
8:23 of 2nd period - Kevin Porter wins face-off versus Shean Donovan in Spitfire zone.
8:28 of 2nd period - Snap shot by Jakub Voracek.
8:28 of 2nd period - Shot Misses the Net.
8:30 of 2nd period - Slapshot by Trevor Daley.
8:30 of 2nd period - Shot Blocked by Matt Walker.
8:32 of 2nd period - Snap shot by Tomas Kurka.
8:32 of 2nd period - Shot Misses the Net.
8:34 of 2nd period - Snap shot by Kevin Porter.
8:34 of 2nd period - Deflect By Jakub Voracek.
8:34 of 2nd period - Shot Misses the Net.
8:34 of 2nd period - Puck is out of play.
8:35 of 2nd period - Shean Donovan wins face-off versus Andrew Cogliano in Spitfire zone.
8:44 of 2nd period - Slapshot by Brian Lee.
8:44 of 2nd period - Shot Blocked by Kevin Klein.
8:46 of 2nd period - Slapshot by Ryan Wilson.
8:46 of 2nd period - Stopped by Yann Danis without a rebound.
8:47 of 2nd period - Shean Donovan wins face-off versus Andrew Cogliano in Spitfire zone.
8:58 of 2nd period - Slapshot by Brian Lee.
8:58 of 2nd period - Deflect By Shean Donovan.
8:58 of 2nd period - Stopped by Yann Danis with a rebound.
9:00 of 2nd period - Snap shot by Linus Omark.
9:00 of 2nd period - Stopped by Yann Danis without a rebound.
9:01 of 2nd period - Shean Donovan wins face-off versus Andrew Cogliano in Spitfire zone.
9:27 of 2nd period - Kevin Klein is hit by Tomas Kurka and loses puck.
9:46 of 2nd period - Kevin Klein is hit by Steve Bernier and loses puck.
9:52 of 2nd period - Penalty to Sergei Kostitsyn is over, Sergei Kostitsyn is back on ice.
10:28 of 2nd period - Matt Walker is hit by Jiri Novotny and loses puck.
10:29 of 2nd period - Matt Walker from Spitfire is injured at 10:29 of 2nd period (Sprained Left Knee).
10:30 of 2nd period - Derick Brassard wins face-off versus Andrew Cogliano in Spitfire zone.
10:57 of 2nd period - Off-side.
10:58 of 2nd period - Kevin Porter wins face-off versus David Krejci in neutral zone.
11:01 of 2nd period - Ryan Callahan is hit by Kevin Porter and loses puck.
11:07 of 2nd period - Icing by David Krejci.
11:08 of 2nd period - David Krejci wins face-off versus Andrew Cogliano in Spitfire zone.
11:19 of 2nd period - Snap shot by Martin Samuelsson.
11:19 of 2nd period - Shot Blocked by Kevin Marshall.
11:21 of 2nd period - Snap shot by Martin Samuelsson.
11:21 of 2nd period - Shot Misses the Net.
11:39 of 2nd period - Wrist shot by Martin Samuelsson.
11:39 of 2nd period - Deflect By Steve Bernier.
11:39 of 2nd period - Stopped by Cory Schneider with a rebound.
11:41 of 2nd period - Snap shot by Martin Samuelsson.
11:41 of 2nd period - Stopped by Cory Schneider without a rebound.
11:42 of 2nd period - Derick Brassard wins face-off versus Kevin Porter in Sasquatch zone.
11:45 of 2nd period - Snap shot by Sergei Kostitsyn.
11:45 of 2nd period - Shot Blocked by Trevor Daley.
11:47 of 2nd period - Snap shot by Eric Fehr.
11:47 of 2nd period - Shot Misses the Net.
12:07 of 2nd period - Andreas Karlsson is hit by Kris Beech and loses puck.
12:34 of 2nd period - Snap shot by Denis Shvidki.
12:34 of 2nd period - Stopped by Cory Schneider without a rebound.
12:35 of 2nd period - Marc-Antoine Pouliot wins face-off versus Andrew Cogliano in Sasquatch zone.
12:52 of 2nd period - Snap shot by Marc-Antoine Pouliot.
12:52 of 2nd period - Shot Misses the Net.
12:54 of 2nd period - Slapshot by Mathieu Roy.
12:54 of 2nd period - Shot Misses the Net.
13:27 of 2nd period - Snap shot by Mathieu Roy.
13:27 of 2nd period - Shot Blocked by Mark Giordano.
13:29 of 2nd period - Slapshot by Paul Bissonnette.
13:29 of 2nd period - Shot Misses the Net.
13:31 of 2nd period - Slapshot by Mathieu Roy.
13:31 of 2nd period - Stopped by Cory Schneider with a rebound.
13:33 of 2nd period - Snap shot by Marc-Antoine Pouliot.
13:33 of 2nd period - Stopped by Cory Schneider with a rebound.
13:35 of 2nd period - Snap shot by Paul Bissonnette.
13:35 of 2nd period - Shot Misses the Net.
13:37 of 2nd period - Slapshot by Keaton Ellerby.
13:37 of 2nd period - Shot Misses the Net.
13:45 of 2nd period - Snap shot by Marc-Antoine Pouliot.
13:45 of 2nd period - Shot Misses the Net.
13:47 of 2nd period - Snap shot by Marc-Antoine Pouliot.
13:47 of 2nd period - Goal by Marc-Antoine Pouliot - Spitfire : 2 - Sasquatch : 4.
13:48 of 2nd period - Andrew Cogliano wins face-off versus Derick Brassard in neutral zone.
14:13 of 2nd period - Trevor Daley is hit by David Krejci and loses puck.
14:20 of 2nd period - Slapshot by David Krejci.
14:20 of 2nd period - Goal by David Krejci - Spitfire : 3 - Sasquatch : 4.
14:21 of 2nd period - Andrew Cogliano wins face-off versus Derick Brassard in neutral zone.
14:52 of 2nd period - Wrist shot by Martin Samuelsson.
14:52 of 2nd period - Stopped by Cory Schneider with a rebound.
14:54 of 2nd period - Snap shot by Keaton Ellerby.
14:54 of 2nd period - Shot Blocked by Brian Lee.
14:56 of 2nd period - Snap shot by Martin Samuelsson.
14:56 of 2nd period - Stopped by Cory Schneider without a rebound.
14:57 of 2nd period - Andrew Cogliano wins face-off versus Derick Brassard in Sasquatch zone.
15:12 of 2nd period - Kevin Marshall is hit by Eric Fehr and loses puck.
15:25 of 2nd period - Wrist shot by Kevin Porter.
15:25 of 2nd period - Stopped by Yann Danis with a rebound.
15:27 of 2nd period - Wrist shot by Kevin Marshall.
15:27 of 2nd period - Stopped by Yann Danis with a rebound.
15:29 of 2nd period - Slapshot by Kevin Porter.
15:29 of 2nd period - Shot Misses the Net.
15:31 of 2nd period - Slapshot by Kevin Marshall.
15:31 of 2nd period - Shot Blocked by David Krejci.
15:33 of 2nd period - Slapshot by Ryan Wilson.
15:33 of 2nd period - Deflect By Kevin Porter.
15:33 of 2nd period - Stopped by Yann Danis with a rebound.
16:51 of 2nd period - Off-side.
16:52 of 2nd period - Kevin Porter wins face-off versus David Krejci in neutral zone.
17:00 of 2nd period - Snap shot by David Krejci.
17:00 of 2nd period - Goal by David Krejci - Spitfire : 4 - Sasquatch : 4.
17:01 of 2nd period - Derick Brassard wins face-off versus Andrew Cogliano in neutral zone.
18:26 of 2nd period - Wrist shot by Steve Bernier.
18:26 of 2nd period - Deflect By Derick Brassard.
18:26 of 2nd period - Goal by Steve Bernier - Spitfire : 4 - Sasquatch : 5.
18:27 of 2nd period - Derick Brassard wins face-off versus Andrew Cogliano in neutral zone.
19:17 of 2nd period - Slapshot by Mark Giordano.
19:17 of 2nd period - Stopped by Yann Danis with a rebound.
19:19 of 2nd period - Snap shot by Matt Ellison.
19:19 of 2nd period - Stopped by Yann Danis with a rebound.
19:33 of 2nd period - Keaton Ellerby is hit by Jiri Novotny.
19:41 of 2nd period - Snap shot by Konstantin Pushkarev.
19:41 of 2nd period - Deflect By Aaron Voros.
19:41 of 2nd period - Goal by Aaron Voros - Spitfire : 4 - Sasquatch : 6.
19:42 of 2nd period - Eric Fehr wins face-off versus Andrew Cogliano in neutral zone.
19:53 of 2nd period - Mark Giordano is hit by Sergei Kostitsyn and loses puck.
3rd period
0:01 of 3rd period - Tomas Kurka wins face-off versus Sergei Kostitsyn in neutral zone.
0:04 of 3rd period - Slapshot by Mark Giordano.
0:04 of 3rd period - Shot Blocked by Derick Brassard.
0:26 of 3rd period - David Krejci is hit by Brian Lee and loses puck.
0:35 of 3rd period - Slapshot by Linus Omark.
0:35 of 3rd period - Stopped by Yann Danis with a rebound.
1:23 of 3rd period - Snap shot by Aaron Voros.
1:23 of 3rd period - Shot Blocked by Denis Shvidki.
1:29 of 3rd period - Aaron Voros is hit by Keaton Ellerby and loses puck.
1:40 of 3rd period - Snap shot by Denis Shvidki.
1:40 of 3rd period - Deflect By Marc-Antoine Pouliot.
1:40 of 3rd period - Goal by Marc-Antoine Pouliot - Spitfire : 5 - Sasquatch : 6.
1:41 of 3rd period - Derick Brassard wins face-off versus Andrew Cogliano in neutral zone.
2:06 of 3rd period - Andrew Cogliano is hit by Shean Donovan and loses puck.
2:43 of 3rd period - Steve Bernier is hit by Kris Beech and loses puck.
2:45 of 3rd period - Minor Penalty to Shean Donovan for Hooking.
2:46 of 3rd period - Kevin Porter wins face-off versus Marc-Antoine Pouliot in Spitfire zone.
2:50 of 3rd period - Minor Penalty to Marc-Antoine Pouliot for Hooking.
2:51 of 3rd period - Jakub Voracek wins face-off versus David Krejci in Spitfire zone.
2:52 of 3rd period - Snap shot by Kevin Porter.
2:52 of 3rd period - Goal by Kevin Porter - Spitfire : 5 - Sasquatch : 7.
2:53 of 3rd period - Shean Donovan wins face-off versus Andrew Cogliano in neutral zone.
4:50 of 3rd period - Penalty to Marc-Antoine Pouliot is over, Marc-Antoine Pouliot is back on ice.
5:00 of 3rd period - Mathieu Roy is hit by Matt Ellison and loses puck.
5:31 of 3rd period - Keaton Ellerby is hit by Mark Giordano and loses puck.
5:44 of 3rd period - Andrew Cogliano is hit by Kevin Klein and loses puck.
6:04 of 3rd period - Kevin Porter is hit by Derick Brassard.
6:19 of 3rd period - Snap shot by David Krejci.
6:19 of 3rd period - Stopped by Cory Schneider with a rebound.
6:21 of 3rd period - Snap shot by Ryan Callahan.
6:21 of 3rd period - Stopped by Cory Schneider with a rebound.
6:23 of 3rd period - Slapshot by Martin Samuelsson.
6:23 of 3rd period - Stopped by Cory Schneider with a rebound.
6:38 of 3rd period - Andreas Karlsson is hit by Kris Beech.
7:05 of 3rd period - Tomas Kurka is hit by Martin Samuelsson and loses puck.
7:18 of 3rd period - Snap shot by Andrew Brunette.
7:18 of 3rd period - Stopped by Yann Danis with a rebound.
7:20 of 3rd period - Wrist shot by Kevin Marshall.
7:20 of 3rd period - Shot Hit the Post.
7:30 of 3rd period - Brian Lee is hit by Shean Donovan and loses puck.
7:56 of 3rd period - Danny Syvret is hit by Linus Omark and loses puck.
8:07 of 3rd period - Wrist shot by Tomas Kurka.
8:07 of 3rd period - Goal by Tomas Kurka - Spitfire : 5 - Sasquatch : 8.
8:07 of 3rd period - Marc Denis enters game.
8:08 of 3rd period - Andrew Cogliano wins face-off versus David Krejci in neutral zone.
8:22 of 3rd period - Minor Penalty to Andrew Cogliano for Tripping.
8:23 of 3rd period - Jiri Novotny wins face-off versus Derick Brassard in Sasquatch zone.
8:48 of 3rd period - Andreas Karlsson is hit by Martin Samuelsson and loses puck.
10:14 of 3rd period - Icing by Martin Samuelsson.
10:15 of 3rd period - Kevin Porter wins face-off versus David Krejci in Spitfire zone.
10:16 of 3rd period - Slapshot by Aaron Voros.
10:16 of 3rd period - Stopped by Marc Denis without a rebound.
10:17 of 3rd period - David Krejci wins face-off versus Kevin Porter in Spitfire zone.
10:22 of 3rd period - Penalty to Andrew Cogliano is over, Andrew Cogliano is back on ice.
10:52 of 3rd period - Slapshot by Trevor Daley.
10:52 of 3rd period - Stopped by Marc Denis with a rebound.
10:54 of 3rd period - Wrist shot by Jakub Voracek.
10:54 of 3rd period - Shot Blocked by Dick Tarnstrom.
10:56 of 3rd period - Snap shot by Jakub Voracek.
10:56 of 3rd period - Shot Misses the Net.
10:58 of 3rd period - Slapshot by Trevor Daley.
10:58 of 3rd period - Deflect By Kevin Porter.
10:58 of 3rd period - Shot Blocked by Tim Kennedy.
10:58 of 3rd period - Puck is out of play.
10:59 of 3rd period - David Krejci wins face-off versus Andrew Cogliano in Spitfire zone.
11:04 of 3rd period - Snap shot by Martin Samuelsson.
11:04 of 3rd period - Stopped by Cory Schneider with a rebound.
11:47 of 3rd period - Matt Ellison is hit by Denis Shvidki.
12:03 of 3rd period - Shean Donovan is hit by Aaron Voros and loses puck.
12:27 of 3rd period - Off-side.
12:28 of 3rd period - Andrew Cogliano wins face-off versus David Krejci in neutral zone.
12:37 of 3rd period - Snap shot by Martin Samuelsson.
12:37 of 3rd period - Stopped by Cory Schneider with a rebound.
12:43 of 3rd period - Wrist shot by Andrew Cogliano.
12:43 of 3rd period - Stopped by Marc Denis without a rebound.
12:44 of 3rd period - Kevin Porter wins face-off versus Derick Brassard in Spitfire zone.
13:00 of 3rd period - Minor Penalty to Trevor Daley for Hooking.
13:01 of 3rd period - Andrew Cogliano wins face-off versus Eric Fehr in Sasquatch zone.
13:10 of 3rd period - Slapshot by Dick Tarnstrom.
13:10 of 3rd period - Goal by Dick Tarnstrom - Spitfire : 6 - Sasquatch : 8.
13:11 of 3rd period - Andrew Cogliano wins face-off versus Derick Brassard in neutral zone.
13:16 of 3rd period - Snap shot by Andrew Cogliano.
13:16 of 3rd period - Stopped by Marc Denis without a rebound.
13:17 of 3rd period - Andrew Cogliano wins face-off versus Eric Fehr in Spitfire zone.
13:46 of 3rd period - Slapshot by Dick Tarnstrom.
13:46 of 3rd period - Deflect By David Krejci.
13:46 of 3rd period - Stopped by Cory Schneider with a rebound.
13:54 of 3rd period - Snap shot by Martin Samuelsson.
13:54 of 3rd period - Shot Blocked by Brian Lee.
14:03 of 3rd period - Off-side.
14:04 of 3rd period - Andreas Karlsson wins face-off versus Kris Beech in neutral zone.
15:11 of 3rd period - Jiri Novotny is hit by Denis Shvidki and loses puck.
15:18 of 3rd period - Snap shot by Aaron Voros.
15:18 of 3rd period - Stopped by Marc Denis without a rebound.
15:19 of 3rd period - Andrew Cogliano wins face-off versus Kris Beech in Spitfire zone.
15:44 of 3rd period - Ryan Wilson is hit by Eric Fehr and loses puck.
15:57 of 3rd period - Snap shot by Derick Brassard.
15:57 of 3rd period - Stopped by Cory Schneider with a rebound.
17:05 of 3rd period - Trevor Daley is hit by Kris Beech.
17:25 of 3rd period - Snap shot by Derick Brassard.
17:25 of 3rd period - Stopped by Cory Schneider with a rebound.
17:43 of 3rd period - Wrist shot by Andreas Karlsson.
17:43 of 3rd period - Stopped by Marc Denis with a rebound.
17:45 of 3rd period - Slapshot by Andreas Karlsson.
17:45 of 3rd period - Shot Blocked by Danny Syvret.
17:58 of 3rd period - Minor Penalty to Mathieu Roy for Holding.
17:59 of 3rd period - Andrew Cogliano wins face-off versus Martin Samuelsson in Spitfire zone.
18:00 of 3rd period - Wrist shot by Steve Bernier.
18:00 of 3rd period - Shot Misses the Net.
18:06 of 3rd period - Steve Bernier is hit by Kevin Klein and loses puck.
19:58 of 3rd period - Penalty to Mathieu Roy is over, Mathieu Roy is back on ice.
Output by the SimonT Hockey Simulator (STHS) for François Prévost -- Original Page W3C XHTML 1.0 Valid